 Dungeon Crawl Stone Soup version 0.31-a0-675-g238779eb0a (webtiles) character file.

Game seed: 10638618045017580332

70 Essalna the Conjurer (level 4, 33/33 HPs)
             Began as a Demonspawn Conjurer on Sept 5, 2023.
             Got out of the dungeon alive.
             The game lasted 00:05:40 (2708 turns).

Essalna the Conjurer (Demonspawn Conjurer)          Turns: 2708, Time: 00:05:40

Health: 33/33      AC:  7    Str:  7    XL:     4   Next: 4%
Magic:  8/8        EV: 12    Int: 22    God:
Gold:   162        SH:  0    Dex: 11    Spells: 5/8 levels left

rFire   . . .        q - +2 dagger (flame)
rCold   . . .        (no shield)
rNeg    . . .        a - +0 robe
rPois   .            (no helmet)
rElec   .            (no cloak)
rCorr   .            c - +0 pair of gloves
SInv    .            s - +0 pair of boots
Will    .....        (no amulet)
Stlth   ++           (no ring)
HPRegen 0.25/turn    (no ring)
MPRegen 0.11/turn

%: no passive effects
@: no status effects
A: icy blue scales 2, powered by pain 1
a: no special abilities


You escaped.
You visited 1 branch of the dungeon, and saw 3 of its levels.

You collected 162 gold pieces.

Inventory:

Hand Weapons
 f - a +0 short sword
 q - a +2 dagger of flaming (weapon)
Armour
 a - a +0 robe (worn)
 c - a +0 pair of gloves (worn)
 s - a +0 pair of boots (worn)
Magical Staves
 j - a staff of cold
Scrolls
 d - 2 scrolls of fog {unknown}
 e - a scroll of torment {unknown}
 h - 5 scrolls of identify {unknown}
 i - a scroll of teleportation {unknown}
 l - a scroll of noise {unknown}
 m - a scroll of vulnerability {unknown}
 n - a scroll of fear {unknown}
 p - a scroll of amnesia {unknown}
 r - a scroll of revelation {unknown}
Potions
 b - a potion of magic
 g - a potion of ambrosia {unknown}
 k - 2 potions of mutation {unknown}
 o - a potion of heal wounds {unknown}
 t - a potion of cancellation {unknown}
 u - a potion of curing {unknown}


   Skills:
 + Level 2.0 Fighting
 - Level 1.7 Dodging
 - Level 1.7 Stealth
 + Level 2.8 Spellcasting
 + Level 4.5 Conjurations


You had 5 spell levels left.
You knew the following spells:

 Your Spells              Type           Power      Damage    Failure   Level
a - Magic Dart            Conj           92%        1d7       1%          1
b - Searing Ray           Conj           46%        2d6       3%          2

Your spell library contained the following spells:

 Spells                   Type           Power      Damage    Failure   Level
 Dazzling Flash           Conj/Hex       26%        N/A       16%         3
 Call Imp                 Summ           6%         N/A       19%         2
 Mephitic Cloud           Conj/Pois/Air  9%         N/A       21%         3
 Fulminant Prism          Conj/Hex       6%         3d6       45%         4
 Iskenderun's Mystic Bla  Conj/Tloc      13%        2d5       45%         4


Dungeon Overview and Level Annotations

Branches:
Dungeon (3/15)

Altars:


Innate Abilities, Weirdness & Mutations

You are mostly covered in icy blue scales. (AC +3)
You sometimes gain a little power by taking damage.


Message History

A bat is nearby!
A bat is nearby!
The magic dart hits the bat.
You kill the bat!
You can't see any susceptible monsters within range! (Use Z to cast anyway.)
You can't see any susceptible monsters within range! (Use Z to cast anyway.)
You see here a +0 ring mail.
k - 2 green potions (gained 1) Key pressed, stopping explore.
Key pressed, stopping explore.
Key pressed, stopping explore.
Key pressed, stopping explore.
Key pressed, stopping explore.
Key pressed, stopping explore.
Key pressed, stopping explore.
Key pressed, stopping explore.
A ball python comes into view.
Found a spear.
A ball python is nearby!
A ball python is nearby!
A ball python is nearby!
The magic dart hits the ball python!
You kill the ball python!
You can't see any susceptible monsters within range! (Use Z to cast anyway.)
You can't see any susceptible monsters within range! (Use Z to cast anyway.)
t - a bubbling brown potion You can't see any susceptible monsters within range! (Use Z to cast anyway.)
You can't see any susceptible monsters within range! (Use Z to cast anyway.)
u - a bubbling purple potion You now have 162 gold pieces (gained 5).
A frilled lizard comes into view.
A frilled lizard is nearby!
You see here a +0 dagger.
There is a stone staircase leading up here.
You climb upwards.
There is a stone staircase leading down here.
There is an escape hatch in the ceiling here.
A mysterious force pulls you upwards. The hatch slams shut behind you.
There is a staircase leading out of the dungeon here.
You have escaped!

#.################# #....
#.........# #####.#. #########.#
##.###... ######.#### ##.#.####.
###...###...### #.###.....
#.............# ##.#......
##.............#####........ #
##...###...###...##...#...... #
#....#......@#...##.#........ #
##....#.......#...##.##.#.....
####..#.............#...##.#.....
......#......#......######.......
###...#.............#...#######.#
# #......#.......#...##.# #.#
#......#>......#...##.# #.#
#......###...###...##.# #.#
#...#.............###.# #..


There were no monsters in sight!

Vanquished Creatures
  2 adders
  A dart slug (D:1)
  6 endoplasms
  7 giant cockroaches
  3 goblins
  3 hobgoblins (D:1)
  3 jackals (D:2)
  3 quokkas
  5 ball pythons
  5 bats
  2 frilled lizards (D:1)
  2 kobolds
  3 rats
45 creatures vanquished.

Notes
Turn   | Place    | Note
-------+----------+-------------------------------------------
     0 | D:1      | Essalna the Demonspawn Conjurer began the quest for the
                  | Orb.
     0 | D:1      | Reached XP level 1. HP: 13/13 MP: 3/3
    21 | D:1      | Found a faded altar of an unknown god.
   346 | D:1      | Gained mutation: You are partially covered in icy blue
                  | scales. (AC +2) [demonic ancestry]
   346 | D:1      | Reached XP level 2. HP: 20/20 MP: 1/5
   540 | D:1      | Reached skill level 1 in Fighting
  1241 | D:2      | Gained mutation: You are mostly covered in icy blue scales.
                  | (AC +3) [demonic ancestry]
  1241 | D:2      | Reached XP level 3. HP: 26/26 MP: 4/6
  1607 | D:2      | Learned a level 2 spell: Searing Ray
  2424 | D:3      | Gained mutation: You sometimes gain a little power by
                  | taking damage. [demonic ancestry]
  2424 | D:3      | Reached XP level 4. HP: 33/33 MP: 6/8
  2708 | D:$      | Got out of the dungeon alive.

Illustrated notes

Levels and vault maps discovered:
D:1:      minmay_arrival_open_corners, layout_loops_ring,
          chequers_ecumenical_altar_simple_redux, hex_large,
          chequers_serial_rivers_micro_c
D:2:      layout_loops_ring, hex_medium, minmay_worlds_worst_comb
D:3:      layout_basic, serial_curves, eino_curves_02, eino_curves_02,
          uniq_grinder

Skill      XL: |  1  2  3 |
---------------+----------+-----
Fighting       | 1 2 |  2.0
Dodging        | |  1.7
Stealth        | |  1.7
Spellcasting   | |  2.8
Conjurations   | |  4.5

Action                     |  1- 3 |  4- 6 || total
---------------------------+-------+-------++-------
  Melee: Short sword       |    15 |       ||    15
   Cast: Magic Dart        |    81 |     2 ||    83
 Armour: Robe              |    10 |       ||    10
  Dodge: Dodged            |    25 |       ||    25

Table legend: (Time is in decaauts)
 A = Elapsed time spent in this place.
 B = Non-inter-level travel time spent in this place.
 C = Inter-level travel time spent in this place.
 D = Time resting spent in this place.
 E = Time spent auto-exploring this place.
 F = Levels seen in this place.
 G = Mean time per level.
                   A        B        C        D        E       F      G
               +--------+--------+--------+--------+--------+-----+--------+
         Total |   2706 |   2554 |    152 |      0 |   2282 |   3 |  902.0 |
       Dungeon |   2706 |   2554 |    152 |      0 |   2282 |   3 |  902.0 |
               +--------+--------+--------+--------+--------+-----+--------+

Top non-repeatable levels by time:
     D:1: 1057 daAuts
     D:2: 906 daAuts
     D:3: 743 daAuts
